 Dungeon Crawl Stone Soup version 0.28.0-43-g3370ac3207 (webtiles) character file.

Game seed: 13538673043562554730

53 GreyFruit the Gusty (level 3, 0/19 HPs)
             Began as a Tengu Air Elementalist on Mar 7, 2022.
             Slain by a goblin
             ... wielding a +0 club
             ... led by Robin
              (2 damage)
             ... on level 2 of the Dungeon.
             The game lasted 00:03:07 (2410 turns).

GreyFruit the Gusty (Tengu Air Elementalist)        Turns: 2410, Time: 00:03:08

Health: 0/19       AC:  3    Str:  8    XL:     3   Next: 87%
Magic:  7/7        EV: 12    Int: 17    God:
Gold:   38         SH:  0    Dex: 14    Spells: 5/6 levels left

rFire   . . .      SeeInvis .   e - +4 dagger
rCold   . . .      Faith    .   (no shield)
rNeg    . . .      Spirit   .   a - +0 robe
rPois   .          Reflect  .   (helmet restricted)
rElec   .          Harm     .   (no cloak)
rCorr   .          Rampage  .   h - +0 pair of gloves
Will    .....                   (boots unavailable)
Stlth   ++........              (no amulet)
HPRegen 0.06/turn               (no ring)
MPRegen 0.10/turn               (no ring)

@: hasted, very quick
A: beak, talons 3
a: no special abilities


You were on level 2 of the Dungeon.
You visited 1 branch of the dungeon, and saw 3 of its levels.

You collected 38 gold pieces.

Inventory:

Hand Weapons
 e - a +4 dagger (weapon)
Armour
 a - a +0 robe (worn)
 h - a +0 pair of gloves (worn)
Scrolls
 b - a scroll of amnesia {unknown}
 c - 2 scrolls of teleportation {unknown}
 d - a scroll of fog {unknown}
 i - a scroll of identify {unknown}
Potions
 g - a potion of brilliance {unknown}


   Skills:
 + Level 2.7 Dodging
 + Level 2.6 Stealth
 + Level 2.4 Spellcasting
 + Level 2.3 Conjurations
 + Level 4.5 Air Magic


You had 5 spell levels left.
You knew the following spells:

 Your Spells              Type           Power      Damage    Failure   Level
a - Shock                 Conj/Air       52%        1d6       4%          1

Your spell library contained the following spells:

 Spells                   Type           Power      Damage    Failure   Level
 Static Discharge         Conj/Air       13%        N/A       7%          2
 Swiftness                Air            17%        N/A       9%          3
 Airstrike                Air            8%         N/A       28%         4


Dungeon Overview and Level Annotations

Branches:
Dungeon (3/15)

Altars:

Annotations:
D:3 Robin


Innate Abilities, Weirdness & Mutations

You have a beak for a mouth.
You have claws for feet.


Message History

The hobgoblin barely misses you.
Aiming: Shock (safe; 4% risk of failure)
Press: ? - help, Q - select action Shift-Dir - straight line The zap hits the hobgoblin.
You kill the hobgoblin!
Your magical contamination has completely faded away.
Aiming: Shock (safe; 4% risk of failure)
Press: ? - help, Q - select action Shift-Dir - straight line The zap hits the goblin.
The goblin is moderately wounded.
The zap hits the goblin.
You kill the goblin!
Aiming: Shock (safe; 4% risk of failure)
Press: ? - help, Q - select action Shift-Dir - straight line The zap hits the hobgoblin.
The hobgoblin is moderately wounded.
The zap hits the hobgoblin.
You kill the hobgoblin!
Magic restored.
HP restored.
Items here: ) †††.
There is a stone staircase leading down here.
You climb downwards.
Level annotation: Robin The goblin unwields a +0 dagger.
The goblin wields a +0 hunting sling.
The goblin shoots a stone.
The stone hits you. The goblin hits you but does no damage.
The goblin hits you with a +0 dagger. The hobgoblin hits you.
The goblin hits you with a +0 dagger.
There is a stone staircase leading up, spattered with blood here.
Robin roars a battlecry!
The goblins go into a battle-frenzy!
The hobgoblin barely misses you. The goblin hits you with a +0 dagger.
The hobgoblin hits you. The goblin hits you with a +0 club.
* * * LOW HITPOINT WARNING * * *
The goblin hits you but does no damage.
You climb upwards.
There is a stone staircase leading down here.
It was a potion of haste.
You feel yourself speed up. The goblin hits you but does no damage.
The goblin hits you with a +0 club.
You die...

#.# ##..###### #.##.### #.#
##....# #....... #.#
##..♣♣.## ######.### #.#
##.#..♣..## #).....# #.#
#.##....#.# #.######## #.#
##.#####.## #.†......#
#.### ##.###.## ########.#
#...### ##g#g## #.#
###...### ##@g# #.#
###...###
#gg#############.#
#.....####..##............#
#.###...#...##.############
#.# ###.#.#.....# #.##
###.#.##..# ##.#
#.##.....####### #.##
##.#..#...##....##### ##.#
#.##.###..........._.


You could see 2 hobgoblins and 3 goblins.

Vanquished Creatures
  A dart slug (D:1)
  6 ball pythons
  3 endoplasms
  2 giant cockroaches
  5 goblins
  7 hobgoblins
  4 jackals (D:2)
  2 kobolds (D:1)
  2 quokkas
  5 bats
  3 frilled lizards
  2 rats
42 creatures vanquished.

Notes
Turn   | Place    | Note
-------+----------+-------------------------------------------
     0 | D:1      | GreyFruit the Tengu Air Elementalist began the quest for
                  | the Orb.
     0 | D:1      | Reached XP level 1. HP: 10/10 MP: 4/4
   340 | D:1      | Reached XP level 2. HP: 15/15 MP: 3/6
   963 | D:1      | Reached XP level 3. HP: 19/19 MP: 2/7
  1623 | D:2      | Found a faded altar of an unknown god.
  2348 | D:3      | Noticed Robin
  2410 | D:2      | Slain by a goblin

Illustrated notes

Levels and vault maps discovered:
D:1:      enne_arrival_octagon_isle, layout_basic
D:2:      layout_loops_ring, ebering_ecumenical_altar_hall,
          chequers_mini_garden, skrybe_limestone_x, grunt_decor_clamped,
          hangedman_decor_riveting
D:3:      layout_loops_corners, minmay_tree_intersection, minmay_misc_feat_iff,
          uniq_robin

Skill      XL: |  1  2 |
---------------+-------+-----
Conjurations   | 2 |  2.3
Dodging        | |  2.7
Stealth        | |  2.6
Spellcasting   | |  2.4
Air Magic      | |  4.5

Action                   || total
-------------------------++-------
Melee: Whip              ||     7
       Kick              ||     4
       Dagger            ||     5
       Peck              ||     1
 Cast: Shock             ||    80
  Use: Potion            ||     1
Armor: Robe              ||     8
Dodge: Dodged            ||    14
